 Dungeon Crawl Stone Soup version 0.18.1-50-g88ac8fd (webtiles) character file.

84 Fiskpinne the Firebug (level 4, 0/24 HPs)
             Began as a Tengu Fire Elementalist on Oct 6, 2016.
             Slain by a giant frog zombie (3 damage)
             ... on level 3 of the Dungeon.
             The game lasted 00:05:59 (1671 turns).

Fiskpinne the Firebug (Tengu Fire Elementalist)     Turns: 1671, Time: 00:06:00

Health: 0/24       AC:  2    Str:  9    XL:     4   Next: 46%
Magic:  1/8        EV: 12    Int: 16    God:
Gold:   138        SH:  0    Dex: 14    Spells: 2 memorised, 4 levels left

rFire  . . .     SeeInvis .     (no weapon)
rCold  . . .     Gourm    .     a - +0 robe
rNeg   . . .     Faith    .     (no shield)
rPois  .         Spirit   .     (helmet restricted)
rElec  .         Dismiss  .     (no cloak)
rCorr  .         Reflect  .     (no gloves)
SustAt .         Harm     .     (boots unavailable)
MR     .....                    (no amulet)
Stlth  ++........               (no ring)
                                (no ring)

@: not resistant to hostile enchantments, unstealthy
A: beak, talons 3
a: no special abilities


You were on level 3 of the Dungeon.
You were not hungry.

You visited 1 branch of the dungeon, and saw 3 of its levels.

You collected 138 gold pieces.

Inventory:

Missiles
 m - 52 stones (quivered)
Armour
 a - a +0 robe (worn)
Jewellery
 e - an uncursed amulet of dismissal {unknown}
Scrolls
 h - a scroll of remove curse {unknown}
 i - 3 scrolls of identify {unknown}
 j - a scroll of amnesia {unknown}
 k - a scroll of random uselessness {unknown}
 n - 3 scrolls of teleportation {unknown}
Potions
 d - a potion of curing {unknown}
 f - a potion of beneficial mutation {unknown}
 l - a potion of lignification {unknown}
 o - a potion of heal wounds {unknown}
 r - a potion of berserk rage {unknown}
Books
 b - a book of Flames

   Spells                             Type                      Level
   a - Flame Tongue                   Conjuration/Fire             1
   b - Throw Flame                    Conjuration/Fire             2
   c - Conjure Flame                  Conjuration/Fire             3
   d - Inner Flame                    Hexes/Fire                   3
   e - Sticky Flame                   Conjuration/Fire             4
   f - Fireball                       Conjuration/Fire             5
Comestibles
 c - 2 bread rations
 g - a meat ration
 p - 4 chunks of flesh
 q - a beef jerky


   Skills:
 - Level 2.1 Dodging
 - Level 2.0 Stealth
 - Level 2.0 Spellcasting
 + Level 4.1 Conjurations
 + Level 4.4 Fire Magic


You had 4 spell levels left.
You knew the following spells:

 Your Spells              Type           Power        Failure   Level  Hunger
a - Flame Tongue          Conj/Fire      ###..        4%          1    #......
b - Throw Flame           Conj/Fire      ###...       8%          2    ###....


Dungeon Overview and Level Annotations

Branches:
Dungeon (3/15)

Altars:
Makhleb


Innate Abilities, Weirdness & Mutations

You have a beak for a mouth.
You have claws for feet.


Message History

Aiming: Flame Tongue
Press: ? - help, Shift-Dir - straight line, f/p - giant frog zombie
Aim: a giant frog zombie The flame tongue hits the giant frog zombie.
The giant frog zombie hits you.
Casting: Flame Tongue
Confirm with . or Enter, or press ? or * to list all spells.
Aiming: Flame Tongue
Press: ? - help, Shift-Dir - straight line, f/p - giant frog zombie
Aim: a giant frog zombie The flame tongue hits the giant frog zombie.
The giant frog zombie hits you.
The giant frog zombie barely misses you.
The giant frog zombie hits you.
* * * LOW HITPOINT WARNING * * *
The giant frog zombie hits you.
* * * LOW HITPOINT WARNING * * *
There is an open door here.
The giant frog zombie hits you.
You die...

..........# ##+## #.(##.#
.##.###.#####...## ##..##.####
.##.###.# ##.....###.........#
........###.......##..##..##.#
###...####.........#..#...##.#
.........+.........'......<#.#
###...####.........#......##.#
#..## ##.......##.###.###.#
#.## ##....@###.# #.###.# #.#
##..Z## #.###..##.# #.# ##'##
#.........# ..# ####.##
########### ## #.....######
##_## ####.#........##8...8#
#........#######.....#
#.##......# #8.....8# .
#.....## ##.....##


You could see a giant frog zombie.

Vanquished Creatures
  2 adders (D:3)
  2 oozes
  3 worms
  A giant gecko (D:3)
  An orc (D:3)
  4 giant cockroaches
  2 goblins (D:2)
  3 hobgoblins
  5 jackals (D:3)
  6 kobolds
  2 ball pythons
  9 bats
  A giant newt (D:1)
  8 rats
49 creatures vanquished.

Notes
Turn   | Place    | Note
--------------------------------------------------------------
     0 | D:1      | Fiskpinne the Tengu Fire Elementalist began the quest for the Orb.
     0 | D:1      | Reached XP level 1. HP: 10/10 MP: 4/4
   201 | D:1      | Reached XP level 2. HP: 15/15 MP: 3/6
   713 | D:2      | Reached XP level 3. HP: 17/19 MP: 2/7
   770 | D:2      | Learned a level 2 spell: Throw Flame
  1458 | D:3      | Reached XP level 4. HP: 18/24 MP: 2/8
  1537 | D:3      | Found a burning altar of Makhleb.
  1671 | D:3      | Slain by a giant frog zombie

Skill      XL: |  1  2  3  4 |
---------------+-------------+-----
Conjurations   | 2 3 4 |  4.1
Fire Magic     | 4 |  4.4
Dodging        | |  2.1
Stealth        | |  2.0
Spellcasting   | |  2.0

Action                   |  1- 3 |  4- 6 || total
-------------------------+-------+-------++-------
Melee: Unarmed           |     7 |     1 ||     8
       Kick              |     1 |       ||     1
 Cast: Flame Tongue      |    67 |    24 ||    91
  Eat: Chunk             |     3 |     1 ||     4
Armor: Robe              |    25 |     3 ||    28
Dodge: Dodged            |    45 |    13 ||    58
